 Dungeon Crawl Stone Soup version 0.29-a0-194-g6e3aafee17 (webtiles) character file.

Game seed: 3387464273237982231

1449 bande the Chopper (level 8, -8/51 HPs)
             Began as a Gargoyle Fighter on Feb 22, 2022.
             Was a Believer of Okawaru.
             Mangled by a gnoll sergeant
             ... wielding the +11 trident of Bespelled Duty {venom, Str+2 Int+3 Stlth+}
              (13 damage)
             ... on level 5 of the Dungeon on Feb 23, 2022.
             The game lasted 00:11:21 (5943 turns).

bande the Chopper (Gargoyle Fighter)                Turns: 5943, Time: 00:11:21

Health: -8/51      AC: 18    Str: 19    XL:     8   Next: 75%
Magic:  10/10      EV:  7    Int: 10    God:    Okawaru [**....]
Gold:   350        SH:  5    Dex: 11    Spells: 7/7 levels left

rFire   . . .      SeeInvis .   a - +0 war axe (spect)
rCold   . . .      Faith    .   c - +0 buckler
rNeg    + . .      Spirit   .   n - +0 chain mail
rPois   ∞          Reflect  .   m - +0 helmet
rElec   +          Harm     .   p - +0 cloak
rCorr   .          Rampage  .   (no gloves)
Will    +....                   (no boots)
Stlth   ..........              (no amulet)
HPRegen 0.17/turn               g - ring of willpower
MPRegen 0.12/turn               (no ring)

@: no status effects
A: sickness immunity, AC +5, negative energy resistance 1, electricity
resistance, torment resistance 1, petrification resistance
a: Renounce Religion, Heroism


You were on level 5 of the Dungeon.
You worshipped Okawaru.
Okawaru was pleased with you.
You visited 2 branches of the dungeon, and saw 6 of its levels.

You collected 350 gold pieces.

Inventory:

Hand Weapons
 a - a +0 spectral war axe (weapon)
 q - a +0 morningstar
Armour
 c - a +0 buckler (worn)
 m - a +0 helmet (worn)
 n - a +0 chain mail (worn)
 p - a +0 cloak (worn)
Jewellery
 g - a ring of willpower (left hand)
 k - an amulet of the acrobat
 s - an amulet of faith
Wands
 r - a wand of mindburst (20)
Scrolls
 b - a scroll of magic mapping
 e - a scroll of enchant weapon {unknown}
 h - 5 scrolls of teleportation
Potions
 d - a potion of might
 f - a potion of curing {unknown}
 i - 2 potions of brilliance {unknown}
 j - 2 potions of heal wounds
 l - 2 potions of haste
 o - a potion of magic {unknown}


   Skills:
 + Level 5.7 Fighting
 + Level 6.7 Axes
 + Level 5.6 Armour
 - Level 0.3 Stealth
 + Level 4.8 Shields
 * Level 3.7 Invocations


You had 7 spell levels left.
You didn't know any spells.
Your spell library contained the following spells:

 Spells                   Type           Power      Damage    Failure   Level
 Foxfire                  Conj/Fire      0%         2x1d4     99%         1
 Pain                     Necr           0%         1d4       99%         1
 Shock                    Conj/Air       0%         1d3       99%         1
 Corpse Rot               Necr/Air       0%         N/A       100%        2
 Poisonous Vapours        Pois/Air       0%         N/A       100%        2
 Conjure Flame            Conj/Fire      0%         6-21      100%        3
 Inner Flame              Hex/Fire       0%         N/A       100%        3
 Swiftness                Air            0%         N/A       100%        3
 Airstrike                Air            0%         N/A       100%        4
 Flame Wave               Conj/Fire      0%         2d4       100%        4
 Agony                    Necr           0%         N/A       100%        5
 Excruciating Wounds      Necr           0%         N/A       100%        5


Dungeon Overview and Level Annotations

Branches:
Dungeon (5/15)             Temple (1/1) D:4

Altars:
Ashenzari
Cheibriados
Dithmenos
Elyvilon
Fedhas
Kikubaaqudgha
Makhleb
Nemelex Xobeh
Okawaru
Ru
Sif Muna
Uskayaw
Vehumet
Wu Jian
Xom
Zin
The Shining One

Shops:
D:4 =

Annotations:
D:5 1 transporter


Innate Abilities, Weirdness & Mutations

You are immune to sickness and miasma.
Your stone body is resilient. (AC +5)
You are immune to poison.
You resist negative energy. (rN+)
You are resistant to electric shocks. (rElec)
You are resistant to unholy torment.
You are immune to petrification.


Message History

The gnoll sergeant closely misses your +0 spectral war axe.
You catch the helpless gnoll sergeant completely off-guard!
You slash the gnoll sergeant!
You kill the gnoll sergeant!
Okawaru accepts your kill.
You hit Zeldest's ghost.
Zeldest's ghost is lightly damaged.
Your +0 spectral war axe hits Zeldest's ghost!
Zeldest's ghost barely misses you.
You swap places.
The gnoll sergeant hits you but does no damage.
Zeldest's ghost hits you but does no damage.
You see here a +0 spear.
You barely miss the gnoll sergeant. You barely miss Zeldest's ghost.
Your +0 spectral war axe hits Zeldest's ghost.
You destroy Zeldest's ghost!
Okawaru accepts your kill. You block the gnoll sergeant's attack.
You hit the gnoll sergeant.
The gnoll sergeant is lightly wounded.
You block the gnoll sergeant's attack. The gnoll sergeant blocks your attack.
The gnoll sergeant is lightly wounded.
The gnoll sergeant hits you with the +11 trident of Bespelled Duty {venom, Str+2 Int+3 Stlth+}.
The gnoll sergeant hits you with the +11 trident of Bespelled Duty {venom, Str+2 Int+3 Stlth+}!
The gnoll sergeant blocks your attack.
The gnoll sergeant is lightly wounded.
The gnoll sergeant hits you with the +11 trident of Bespelled Duty {venom, Str+2 Int+3 Stlth+}!
* * * LOW HITPOINT WARNING * * *
You hit the gnoll sergeant.
The gnoll sergeant is moderately wounded.
The gnoll sergeant hits you with the +11 trident of Bespelled Duty {venom, Str+2 Int+3 Stlth+}.
* * * LOW HITPOINT WARNING * * *
You hit the gnoll sergeant.
The gnoll sergeant is moderately wounded.
The gnoll sergeant completely misses you.
You closely miss the gnoll sergeant.
The gnoll sergeant is moderately wounded.
The gnoll sergeant hits you with the +11 trident of Bespelled Duty {venom, Str+2 Int+3 Stlth+}!
You die...

#.≈≈#gg#8###8#.g#≈≈..######...
#.≈≈##g###.###.##≈≈....##.##..
#.≈≈#..........g#≈≈....#..##..
##.≈≈###.##'##.###≈≈...##......
#..≈≈..#.#...#.#..≈≈.#..##.#...
#..≈≈.##.#...#.##.≈≈.#........#
#..≈≈.#©.#.:.#..#.≈≈.##.......#
#..≈≈.##.#####g##.≈≈.#.......##
#..≈≈..#.#8⌠8#@#.............#.
#..≈≈.©#.'.©))(#©........#.....
#..≈≈..#.#..)#)#......[.##.....
#..≈≈.##.##.##.##.≈≈...........
#..≈≈.#g.#..P#..#.≈≈...........
#..≈≈.##.#⌠.⌠#.##.≈≈........#..
#..≈≈..#.#P.P#.#..≈≈...........
#..≈≈###.##'##.###≈≈...........
#..≈≈#... .......#≈≈...........


You could see a gnoll sergeant and a friendly +0 spectral war axe (summoned).

Vanquished Creatures
  Menkaure (D:5)
  A black bear (D:5)
  A sky beast (D:5)
  A phantom (D:5)
  A bullfrog (D:5)
  3 scorpions (D:4)
  A gnoll sergeant (D:5)
  A centaur zombie (D:5)
  2 orc priests (D:4)
  Crazy Yiuf (D:4)
  2 jellies
  2 gnoll shamans (D:5)
  5 iguanas
  3 orc wizards (D:4)
  A killer bee zombie (D:5)
  A hound skeleton (D:4)
  A howler monkey zombie (D:4)
  Robin (D:2)
  9 gnolls (D:5)
  7 adders
  A shadow imp (D:3)
  An ufetubus (D:5)
  2 worms
  The ghost of Zeldest the Sneak, a weakling HODe (D:5)
  3 dart slugs
  8 orcs (D:4)
  8 endoplasms
  3 giant cockroaches
  15 goblins
  4 hobgoblins
  3 quokkas
  6 ball pythons
  3 bats (D:3)
  4 frilled lizards
  4 kobolds
  4 rats
115 creatures vanquished.

Vanquished Creatures (others)
  An orc wizard (D:4)
  6 plants
7 creatures vanquished.

Grand Total: 122 creatures vanquished

Notes
Turn   | Place    | Note
-------+----------+-------------------------------------------
     0 | D:1      | bande the Gargoyle Fighter began the quest for the Orb.
     0 | D:1      | Reached XP level 1. HP: 14/14 MP: 1/1
   368 | D:1      | Reached XP level 2. HP: 19/19 MP: 2/2
  1143 | D:2      | Reached skill level 2 in Axes
  1294 | D:2      | Reached XP level 3. HP: 16/24 MP: 3/3
  1764 | D:2      | Noticed Robin
  1770 | D:2      | Reached XP level 4. HP: 29/29 MP: 4/4
  1786 | D:2      | Killed Robin
  2075 | D:3      | Found an ornate altar of the Wu Jian Council.
  2077 | D:3      | Found a white marble altar of Elyvilon.
  2080 | D:3      | Found a transporter.
  2291 | D:3      | Reached skill level 3 in Axes
  2390 | D:3      | Found a faded altar of an unknown god.
  2747 | D:3      | Found a transporter.
  3014 | D:3      | Reached XP level 5. HP: 22/33 MP: 5/5
  3358 | D:4      | Reached skill level 4 in Axes
  3358 | D:4      | Reached XP level 6. HP: 33/39 MP: 6/6
  3553 | D:4      | Found a staircase to the Ecumenical Temple.
  3574 | Temple   | Entered the Ecumenical Temple
  3690 | Temple   | Became a worshipper of Warmaster Okawaru
  3876 | D:4      | Reached skill level 1 in Invocations
  3876 | D:4      | Reached XP level 7. HP: 44/44 MP: 7/7
  3902 | D:4      | Reached skill level 5 in Axes
  4109 | D:4      | Found Gyecitam's Jewellery Shop.
  4401 | D:4      | Found a runed translucent door.
  4402 | D:4      | Noticed Crazy Yiuf
  4932 | D:4      | Killed Crazy Yiuf
  5094 | D:5      | Entered Level 5 of the Dungeon
  5125 | D:5      | Reached * piety under Okawaru
  5126 | D:5      | Reached skill level 5 in Fighting
  5197 | D:5      | Reached skill level 5 in Armour
  5197 | D:5      | Reached XP level 8. HP: 49/49 MP: 8/10
  5227 | D:5      | Reached skill level 6 in Axes
  5275 | D:5      | Noticed Menkaure
  5282 | D:5      | Killed Menkaure
  5282 | D:5      | Reached ** piety under Okawaru
  5670 | D:5      | Identified the +11 trident of Bespelled Duty {venom, Str+2
                  | Int+3 Stlth+}
  5670 | D:5      | Identified the +1 ring mail of Tifanuuwki {Harm +Inv Int+6
                  | Dex-2}
  5676 | D:5      | Found a transporter.
  5717 | D:5      | Found a transporter.
  5930 | D:5      | Noticed Zeldest's ghost (weakling HODe)
  5937 | D:5      | Killed Zeldest's ghost
  5943 | D:5      | Mangled by a gnoll sergeant

Illustrated notes

Levels and vault maps discovered:
D:1:      elethiomel_arrival_maze, layout_basic
D:2:      layout_loops_cross, uniq_robin
D:3:      layout_basic, gammafunk_temple_overflow_arena,
          shapermc_ecumenical_altar_petra, small_statue_intersection
D:4:      layout_loops_ring, temple_statues, serial_shops,
          nicolae_shop_waterfront, uniq_crazy_yiuf_cottage
D:5:      layout_cave_pools, gammafunk_ghost_gnarly_gnolls, uniq_menkaure
Temple:   minmay_crystal_spiral_temple

Skill      XL: |  1  2  3  4  5  6  7  8 |
---------------+-------------------------+-----
Axes           | 2 3 4 5 6 |  6.7
Fighting       | 4 5 |  5.7
Armour         | 4 5 |  5.6
Shields        | 4 |  4.8
Invocations    | 1 2 3 |  3.7
Stealth        | |  0.3

Action                   |  1- 3 |  4- 6 |  7- 9 || total
-------------------------+-------+-------+-------++-------
Melee: War axe           |    89 |   129 |   131 ||   349
  Use: Scroll            |     1 |     9 |     2 ||    12
 Stab: Distracted        |       |       |     3 ||     3
Armor: Scale mail        |    30 |       |       ||    30
       Chain mail        |    22 |   129 |    61 ||   212
Dodge: Dodged            |    39 |    49 |    39 ||   127
Block: Buckler           |    20 |    36 |    24 ||    80

Table legend: (Time is in decaauts)
 A = Elapsed time spent in this place.
 B = Non-inter-level travel time spent in this place.
 C = Inter-level travel time spent in this place.
 D = Time resting spent in this place.
 E = Time spent auto-exploring this place.
 F = Levels seen in this place.
 G = Mean time per level.
                   A        B        C        D        E       F      G
               +--------+--------+--------+--------+--------+-----+--------+
         Total |   6064 |   5797 |    267 |    853 |   3775 |   6 | 1010.7 |
       Dungeon |   5871 |   5680 |    191 |    853 |   3676 |   5 | 1174.2 |
        Temple |    193 |    117 |     76 |      0 |     99 |   1 |  193.0 |
               +--------+--------+--------+--------+--------+-----+--------+

Top non-repeatable levels by time:
     D:4: 1623 daAuts
     D:3: 1357 daAuts
     D:1: 1153 daAuts
     D:2: 873 daAuts
     D:5: 862 daAuts
  Temple: 193 daAuts
